[ AOE2 MATCH · #476998810 ]
1v1 RMBohemians vs Cumans
Player's team · LOSS
Rival team · WIN
[ REPLAY ANALYSIS · EXTRACTED FROM THE RECORDED GAME ]
Feudal
12:23
Castle
30:48
Imperial
—
| APM avg | 19.5 |
| APM peak | 62 |
| eAPM avg | 12.9 |
| Villagers / military | 46 / 84 |
Focus
⚔️ 40.3% · 🌾 59.7%
Spearman ×31 · Archer ×31 · Militia ×11 · Scout Cavalry ×7 · Knight ×4
Feudal
11:00
Castle
20:56
Imperial
—
| APM avg | 30.0 |
| APM peak | 73 |
| eAPM avg | 13.8 |
| Villagers / military | 61 / 51 |
Focus
⚔️ 28.9% · 🌾 71.1%
Skirmisher ×15 · Camel Scout ×8 · Steppe Lancer ×7 · Spearman ×6 · Scout Cavalry ×5 · Militia ×5
Match map
Initial resources + every placement click. Lines = walls · curves = elevation contours. ◆ gold · ⬟ stone · ● berries · ✦ relic · ◌ wall gap
Your base· Open — 3t gap
freebird746's base· Open — unwalled flank
Smoothed initial terrain · ◌ = detected wall gap · hover for details
Inputs per minute
— DLF_Ross1707 - - freebird746
Build order — DLF_Ross1707
First 150 of 190 actions detected
| 0:02 | Build | House |
| 0:04 | Build | House |
| 0:05 | Create | Villager (Male) |
| 0:05 | Create | Villager (Male) |
| 0:05 | Create | Villager (Male) |
| 0:05 | Create | Villager (Male) |
| 1:46 | Create | Villager (Male) |
| 1:46 | Create | Villager (Male) |
| 1:52 | Build | Lumber Camp |
| 2:14 | Create | Villager (Male) |
| 2:15 | Create | Villager (Male) |
| 2:24 | Create | Villager (Male) |
| 2:54 | Create | Villager (Male) |
| 3:17 | Build | House |
| 3:21 | Create | Villager (Male) |
| 4:07 | Create | Villager (Male) |
| 4:08 | Create | Villager (Male) |
| 4:29 | Build | Mill |
| 5:46 | Create | Villager (Male) |
| 5:49 | Create | Villager (Male) |
| 5:49 | Create | Villager (Male) |
| 5:50 | Create | Villager (Male) |
| 6:06 | Create | Villager (Male) |
| 7:25 | Create | Villager (Male) |
| 7:45 | Build | Lumber Camp |
| 7:49 | Build | Mill |
| 8:01 | Build | House |
| 8:07 | Build | House |
| 8:17 | Create | Villager (Male) |
| 8:18 | Create | Villager (Male) |
| 8:18 | Create | Villager (Male) |
| 8:52 | Build | House |
| 8:57 | Create | Villager (Male) |
| 9:57 | Research | Feudal Age |
| 10:01 | Create | Villager (Male) |
| 10:02 | Create | Villager (Male) |
| 10:28 | Build | Mining Camp |
| 10:58 | Create | Villager (Male) |
| 10:58 | Create | Villager (Male) |
| 11:00 | Create | Villager (Male) |
| 11:22 | Build | Barracks |
| 12:15 | Build | House |
| 12:17 | Build | House |
| 12:22 | Build | House |
| 12:23 | Age | Feudal Age |
| 12:29 | Build | Farm |
| 12:29 | Build | Farm |
| 12:29 | Build | Farm |
| 12:29 | Build | Farm |
| 12:30 | Build | Farm |
| 12:30 | Build | Farm |
| 12:30 | Build | Farm |
| 12:51 | Research | Double-Bit Axe |
| 13:24 | Create | Villager (Male) |
| 13:24 | Create | Villager (Male) |
| 13:25 | Create | Villager (Male) |
| 13:30 | Create | Militia |
| 13:30 | Create | Militia |
| 13:31 | Create | Militia |
| 13:31 | Create | Militia |
| 13:31 | Create | Militia |
| 13:32 | Create | Militia |
| 13:40 | Create | Spearman |
| 13:41 | Create | Spearman |
| 13:41 | Create | Spearman |
| 13:41 | Create | Spearman |
| 13:59 | Build | Archery Range |
| 14:17 | Build | Blacksmith |
| 14:26 | Build | House |
| 14:38 | Research | Man-at-Arms (upgrade) |
| 14:50 | Build | Stable |
| 15:31 | Create | Spearman |
| 15:34 | Create | Spearman |
| 15:45 | Research | Forging |
| 15:47 | Research | Fletching |
| 15:50 | Create | Spearman |
| 15:56 | Create | Archer |
| 15:57 | Create | Archer |
| 15:57 | Create | Archer |
| 15:58 | Create | Archer |
| 15:58 | Create | Archer |
| 16:11 | Create | Scout Cavalry |
| 16:12 | Create | Scout Cavalry |
| 16:12 | Create | Scout Cavalry |
| 16:15 | Create | Scout Cavalry |
| 16:39 | Create | Spearman |
| 16:40 | Create | Spearman |
| 17:11 | Research | Padded Archer Armor |
| 17:31 | Build | House |
| 17:40 | Create | Villager (Male) |
| 17:40 | Create | Villager (Male) |
| 17:40 | Create | Villager (Male) |
| 17:59 | Build | House |
| 18:01 | Build | House |
| 18:04 | Build | House |
| 19:21 | Create | Scout Cavalry |
| 19:21 | Create | Scout Cavalry |
| 19:22 | Create | Scout Cavalry |
| 19:30 | Build | Farm |
| 19:30 | Build | Farm |
| 19:30 | Build | Farm |
| 19:31 | Build | Farm |
| 19:31 | Build | Farm |
| 19:37 | Create | Archer |
| 19:38 | Create | Archer |
| 19:38 | Create | Archer |
| 19:38 | Create | Archer |
| 19:38 | Create | Archer |
| 19:49 | Build | Farm |
| 19:49 | Build | Farm |
| 19:49 | Build | Farm |
| 19:50 | Build | Farm |
| 19:50 | Build | Farm |
| 19:50 | Build | Farm |
| 19:51 | Build | Farm |
| 20:04 | Research | Scale Mail Armor |
| 20:59 | Build | Stable |
| 21:04 | Build | Barracks |
| 21:53 | Research | Wheelbarrow |
| 21:59 | Build | Farm |
| 22:34 | Create | Archer |
| 22:34 | Create | Archer |
| 22:35 | Create | Archer |
| 22:35 | Create | Archer |
| 22:36 | Create | Archer |
| 22:39 | Create | Spearman |
| 22:39 | Create | Spearman |
| 22:39 | Create | Spearman |
| 22:39 | Create | Spearman |
| 22:40 | Create | Spearman |
| 22:41 | Create | Spearman |
| 22:44 | Build | Farm |
| 22:46 | Build | Farm |
| 23:19 | Build | Market |
| 24:18 | Create | Villager (Male) |
| 24:18 | Create | Villager (Male) |
| 24:18 | Create | Villager (Male) |
| 24:19 | Create | Villager (Male) |
| 24:35 | Create | Villager (Male) |
| 24:36 | Create | Villager (Male) |
| 25:02 | Create | Spearman |
| 25:02 | Create | Spearman |
| 25:03 | Create | Spearman |
| 25:03 | Create | Spearman |
| 25:06 | Create | Spearman |
| 25:06 | Create | Spearman |
| 25:07 | Create | Archer |
| 25:08 | Create | Archer |
| 25:08 | Create | Archer |
| 25:31 | Build | Farm |
Build order — freebird746
First 150 of 187 actions detected
| 0:00 | Create | Villager (Male) |
| 0:01 | Create | Villager (Male) |
| 0:01 | Create | Villager (Male) |
| 0:01 | Create | Villager (Male) |
| 0:01 | Create | Villager (Male) |
| 0:03 | Build | House |
| 0:05 | Build | House |
| 1:43 | Create | Villager (Male) |
| 1:43 | Create | Villager (Male) |
| 2:01 | Create | Villager (Male) |
| 2:37 | Create | Villager (Male) |
| 2:38 | Create | Villager (Male) |
| 3:18 | Create | Villager (Male) |
| 3:19 | Create | Villager (Male) |
| 3:19 | Create | Villager (Male) |
| 3:51 | Create | Villager (Male) |
| 4:14 | Create | Villager (Male) |
| 4:16 | Build | House |
| 4:18 | Build | House |
| 4:29 | Create | Villager (Male) |
| 4:46 | Build | Lumber Camp |
| 5:11 | Create | Villager (Male) |
| 5:46 | Create | Villager (Male) |
| 6:05 | Create | Villager (Male) |
| 6:28 | Create | Villager (Male) |
| 6:45 | Build | Mill |
| 6:53 | Create | Villager (Male) |
| 6:54 | Create | Villager (Male) |
| 7:15 | Create | Villager (Male) |
| 7:38 | Create | Villager (Male) |
| 8:50 | Research | Feudal Age |
| 8:51 | Research | Loom |
| 9:05 | Build | Barracks |
| 9:13 | Build | House |
| 9:14 | Build | House |
| 9:32 | Build | Mill |
| 9:45 | Build | Mining Camp |
| 11:00 | Age | Feudal Age |
| 11:02 | Build | House |
| 11:03 | Build | House |
| 11:04 | Create | Villager (Male) |
| 11:11 | Build | Stable |
| 11:24 | Research | Wheelbarrow |
| 11:27 | Research | Double-Bit Axe |
| 11:31 | Research | Horse Collar |
| 12:05 | Research | Bloodlines |
| 12:24 | Build | Stable |
| 12:27 | Create | Scout Cavalry |
| 12:31 | Create | Villager (Male) |
| 13:11 | Create | Villager (Male) |
| 13:15 | Create | Scout Cavalry |
| 13:19 | Create | Scout Cavalry |
| 13:37 | Create | Scout Cavalry |
| 13:48 | Create | Scout Cavalry |
| 13:55 | Build | Farm |
| 13:56 | Build | Farm |
| 13:58 | Build | Farm |
| 14:01 | Build | Farm |
| 14:02 | Build | Farm |
| 14:03 | Build | Farm |
| 14:05 | Build | Farm |
| 14:44 | Build | Farm |
| 15:32 | Create | Villager (Male) |
| 15:33 | Create | Villager (Male) |
| 15:45 | Build | Market |
| 15:48 | Build | House |
| 15:49 | Build | House |
| 16:28 | Create | Villager (Male) |
| 16:59 | Build | Blacksmith |
| 17:04 | Build | Archery Range |
| 17:26 | Create | Villager (Male) |
| 17:27 | Create | Villager (Male) |
| 17:32 | Build | Farm |
| 17:55 | Research | Castle Age |
| 18:20 | Build | Farm |
| 18:38 | Build | Mining Camp |
| 19:03 | Create | Spearman |
| 19:03 | Create | Spearman |
| 19:04 | Create | Skirmisher |
| 19:04 | Create | Skirmisher |
| 19:28 | Build | Farm |
| 19:30 | Build | Farm |
| 19:32 | Build | Farm |
| 19:35 | Build | Farm |
| 19:39 | Research | Town Watch |
| 19:55 | Research | Fletching |
| 20:02 | Research | Man-at-Arms (upgrade) |
| 20:56 | Age | Castle Age |
| 20:57 | Build | Town Center |
| 21:01 | Create | Villager (Male) |
| 21:08 | Create | Spearman |
| 21:08 | Create | Spearman |
| 21:21 | Create | Camel Scout |
| 21:21 | Create | Camel Scout |
| 21:26 | Create | Camel Scout |
| 22:10 | Create | Camel Scout |
| 22:10 | Create | Camel Scout |
| 22:27 | Create | Cavalry Archer |
| 22:32 | Create | Villager (Male) |
| 22:32 | Create | Villager (Male) |
| 22:33 | Create | Villager (Male) |
| 22:40 | Research | Hand Cart |
| 23:13 | Build | Lumber Camp |
| 23:19 | Create | Villager (Male) |
| 23:19 | Create | Villager (Male) |
| 23:52 | Research | Elite Skirmisher (upgrade) |
| 23:56 | Create | Villager (Male) |
| 23:56 | Create | Villager (Male) |
| 24:05 | Create | Villager (Male) |
| 24:05 | Create | Villager (Male) |
| 24:16 | Create | Skirmisher |
| 24:17 | Create | Skirmisher |
| 24:19 | Create | Villager (Male) |
| 24:19 | Create | Villager (Male) |
| 24:39 | Research | Scale Barding Armor |
| 25:25 | Build | Town Center |
| 25:29 | Create | Villager (Male) |
| 25:29 | Create | Villager (Male) |
| 25:33 | Build | Farm |
| 25:37 | Build | Farm |
| 26:09 | Create | Skirmisher |
| 26:09 | Create | Skirmisher |
| 26:09 | Create | Skirmisher |
| 26:10 | Create | Skirmisher |
| 26:52 | Create | Skirmisher |
| 26:53 | Create | Skirmisher |
| 27:06 | Build | Farm |
| 27:10 | Create | Villager (Male) |
| 27:10 | Create | Villager (Male) |
| 27:22 | Build | Watch Tower |
| 27:26 | Create | Skirmisher |
| 27:26 | Create | Skirmisher |
| 27:27 | Create | Skirmisher |
| 27:33 | Research | Padded Archer Armor |
| 27:35 | Research | Bodkin Arrow |
| 27:43 | Create | Steppe Lancer |
| 27:44 | Create | Knight |
| 27:49 | Create | Militia |
| 27:50 | Create | Militia |
| 28:09 | Build | Farm |
| 28:09 | Build | Farm |
| 28:10 | Build | Farm |
| 28:27 | Create | Steppe Lancer |
| 28:27 | Create | Steppe Lancer |
| 28:54 | Research | Gold Mining |
| 29:01 | Create | Villager (Male) |
| 29:01 | Create | Villager (Male) |
| 29:01 | Create | Villager (Male) |
| 29:08 | Build | House |
| 29:09 | Build | House |
Match timeline
| 9:05 | freebird746 · first_building Barracks |
| 11:00 | freebird746 · age_up feudal |
| 11:11 | freebird746 · first_building Stable |
| 11:22 | DLF_Ross1707 · first_building Barracks |
| 12:23 | DLF_Ross1707 · age_up feudal |
| 13:59 | DLF_Ross1707 · first_building Archery Range |
| 14:50 | DLF_Ross1707 · first_building Stable |
| 17:04 | freebird746 · first_building Archery Range |
| 17:34 | freebird746 · first_market_sell 100 wood |
| 17:38 | freebird746 · first_market_buy 100 food |
| 20:56 | freebird746 · age_up castle |
| 30:48 | DLF_Ross1707 · age_up castle |
| 32:23 | freebird746 · first_building Monastery |
| 33:26 | DLF_Ross1707 · resign |
[ AI ANALYSIS · 1 CREDIT ]
What really happened in this match?
Wolo.gg analyzes every decision: build order, eco, micro, common mistakes by bracket. Personalized analysis on WhatsApp or Discord in 30 seconds.
Civ guide
Bohemians
Map guide
Arabia
Perfil
Jugador #10330748